 Dungeon Crawl Stone Soup version 0.30.1-3-gfc49f6343a (webtiles) character file.

Game seed: 413105656170162279

2270 Pepete the Conjurer (level 9, 0/57 HPs)
             Began as a Demonspawn Fire Elementalist on July 26, 2023.
             Was a Follower of Vehumet.
             Slain by an orc warrior
             ... wielding a +0 halberd
              (17 damage)
             ... in a bailey.
             The game lasted 00:15:35 (16237 turns).

Pepete the Conjurer (Demonspawn Fire Elementalist) Turns: 16237, Time: 00:15:35

Health: 0/57       AC:  2    Str:  8    XL:     9   Next: 16%
Magic:  17/19      EV: 12    Int: 20    God:    Vehumet [*.....]
Gold:   362        SH:  0    Dex: 15    Spells: 9/21 levels left

rFire   + . .        d - staff of fire
rCold   . . .        (no shield)
rNeg    . . .        a - +0 robe
rPois   .            (helmet restricted)
rElec   .            (no cloak)
rCorr   +            (no gloves)
SInv    .            (no boots)
Will    .....        (no amulet)
Stlth   ++           o - ring of resist corrosion
HPRegen 0.29/turn    (no ring)
MPRegen 0.16/turn

%: no passive effects
@: brilliant
A: antennae 1, ignite blood 2, powered by pain 2
a: Renounce Religion


You were in a bailey.
You worshipped Vehumet.
Vehumet was aware of your devotion.
You visited 2 branches of the dungeon, and saw 9 of its levels.
You also visited: Bailey.

You collected 362 gold pieces.

Inventory:

Armour
 a - a +0 robe (worn)
 u - a +0 buckler
Magical Staves
 d - a staff of fire (weapon)
Jewellery
 o - a ring of resist corrosion (left hand)
Wands
 j - a wand of roots (12)
Scrolls
 b - 2 scrolls of magic mapping {unknown}
 c - 2 scrolls of enchant weapon
 f - 2 scrolls of teleportation
 i - a scroll of amnesia
 n - a scroll of blinking {unknown}
 r - a scroll of enchant armour {unknown}
Potions
 e - 2 potions of flight
 g - 4 potions of lignification
 h - a potion of mutation
 k - a potion of curing {unknown}
 l - 2 potions of brilliance
 m - a potion of heal wounds {unknown}
 p - a potion of might {unknown}
 q - a potion of resistance {unknown}
 t - a potion of cancellation {unknown}


   Skills:
 - Level 1.7 Dodging
 - Level 1.7 Stealth
 + Level 6.7 Spellcasting
 + Level 7.1 Conjurations
 + Level 7.0 Fire Magic


You had 9 spell levels left.
You knew the following spells:

 Your Spells              Type           Power      Damage    Failure   Level
a - Foxfire               Conj/Fire      100%       2x1d9     1%          1
b - Scorch                Fire           100%       2d9       1%          2
c - Volatile Blastmotes   Fire/Tloc      92%        2d17      7%          3
d - Flame Wave            Conj/Fire      68%        2d15      5%          4
e - Call Imp              Summ           20%        N/A       14%         2

Your spell library contained the following spells:

 Spells                   Type           Power      Damage    Failure   Level
 Sandblast                Erth           20%        2d7       10%         1
 Magic Dart               Conj           100%       1d8       1%          1
 Inner Flame              Hex/Fire       46%        N/A       7%          3
 Mephitic Cloud           Conj/Pois/Air  24%        N/A       11%         3
 Sublimation of Blood     Necr           10%        N/A       14%         2
 Portal Projectile        Hex/Tloc       20%        N/A       28%         3
 Tukima's Dance           Hex            10%        N/A       28%         3
 Irradiate                Conj/Tmut      15%        3d16      54%         5
 Petrify                  Tmut/Erth      10%        N/A       67%         4
 Blade Hands              Tmut           5%         N/A       95%         5
 Dragon Form              Tmut           5%         N/A       100%        7


Dungeon Overview and Level Annotations

Branches:
Dungeon (8/15)             Temple (1/1) D:4          Bailey (1/1)
   Lair: D:8-11

Altars:
Ashenzari
Cheibriados
Dithmenos
Fedhas
Gozag
Hepliaklqana
Kikubaaqudgha
Makhleb
Okawaru
Qazlal
Ru
Sif Muna
Trog
Uskayaw
Vehumet
Wu Jian
Xom
Yredelemnul

Shops:
D:3 (   D:4 [

Annotations:
D:2 1 runed translucent door, Crazy Yiuf


Innate Abilities, Weirdness & Mutations

You have a pair of small antennae on your head.
Your demonic aura often causes spilled blood to erupt in flames.
You sometimes gain power by taking damage.


Message History

You feel a surge of power!
You conjure some foxfire!
The foxfire hits the orc warrior but does no damage.
The orc warrior is lightly wounded.
The foxfire hits the orc!
You kill the orc!
Vehumet accepts your kill.
You feel your power returning.
An orc comes into view. It is wielding a +0 hand axe.
The orc warrior hits you from afar with a +0 halberd!
You focus on the pain.
You feel your power returning.
You feel a surge of power!
You conjure some foxfire!
The foxfire hits the orc warrior.
The orc warrior is lightly wounded.
The orc barely misses you.
The orc warrior hits you from afar with a +0 halberd!
You feel a surge of power!
You conjure some foxfire!
The foxfire hits the orc warrior but does no damage.
The orc warrior is lightly wounded.
The foxfire hits the orc warrior but does no damage.
The orc warrior is lightly wounded.
The foxfire hits the orc warrior.
The orc warrior is moderately wounded.
The orc hits you from afar with a +0 spear.
The orc warrior barely misses you.
You feel a surge of power!
You conjure some foxfire!
The foxfire hits the orc warrior but does no damage.
The orc warrior is moderately wounded.
The foxfire hits the orc warrior.
The orc warrior is heavily wounded.
The orc warrior hits you from afar with a +0 halberd!
The orc closely misses you.
You feel clever all of a sudden.
The foxfire hits the orc warrior but does no damage.
The orc warrior is heavily wounded.
The foxfire hits the orc warrior but does no damage.
The orc warrior is heavily wounded.
The orc hits you from afar with a +0 spear.
* * * LOW HITPOINT WARNING * * *
The orc warrior hits you from afar with a +0 halberd!
You die...

###########
##.∩..oo....
#...@.o#
#...§.###
#∩.....8..
#.....###..
#......#
##.∩.....
#########


You could see an orc warrior and 2 orcs.

Vanquished Creatures
  Prince Ribbit (D:7)
  Grinder (D:5)
  Eustachio (D:5)
  A steam dragon (D:6)
  A water moccasin (D:7)
  A sky beast (D:7)
  A black bear (D:7)
  An ogre (D:5)
  2 centaurs
  A phantom (D:4)
  A kobold brigand (D:5)
  A bullfrog (D:6)
  4 scorpions
  3 howler monkeys
  2 jellies (D:7)
  2 hounds
  3 orc priests
  An iguana (D:5)
  Jessica (D:2)
  3 orc wizards
  5 adders
  A shadow imp (D:6)
  2 ufetubi
  A worm (D:4)
  3 dart slugs
  13 orcs
  4 ball pythons
  9 endoplasms
  4 giant cockroaches
  13 goblins
  4 hobgoblins
  4 jackals (D:5)
  10 kobolds
  5 quokkas
  5 bats
  4 frilled lizards
  4 rats
123 creatures vanquished.

Vanquished Creatures (collateral kills)
  6 foxfires (D:5)
6 creatures vanquished.

Vanquished Creatures (others)
  A butterfly (D:5)
  529 foxfires
530 creatures vanquished.

Grand Total: 659 creatures vanquished

Notes
Turn   | Place    | Note
-------+----------+-------------------------------------------
     0 | D:1      | Pepete the Demonspawn Fire Elementalist began the quest for
                  | the Orb.
     0 | D:1      | Reached XP level 1. HP: 13/13 MP: 3/3
  1126 | D:1      | Gained mutation: Your demonic aura sometimes causes spilled
                  | blood to erupt in flames. [demonic ancestry]
  1126 | D:1      | Reached XP level 2. HP: 6/19 MP: 0/5
  1716 | D:1      | You fall into a shaft and drop 1 floor!
  2705 | D:1      | Learned a level 2 spell: Scorch
  3301 | D:2      | Reached XP level 3. HP: 16/24 MP: 1/6
  3456 | D:2      | Noticed Jessica
  4415 | D:2      | Killed Jessica
  4796 | D:2      | Found a runed translucent door.
  4797 | D:2      | Noticed Crazy Yiuf
  4836 | D:3      | Reached XP level 4. HP: 30/30 MP: 3/8
  4895 | D:3      | Found a burning altar of Makhleb.
  5064 | D:3      | Found a broken altar of Ashenzari.
  6802 | D:3      | Found Delasob's Antique Weapon Boutique.
  7100 | D:3      | Gained mutation: You sometimes gain a little power by
                  | taking damage. [demonic ancestry]
  7100 | D:3      | Reached XP level 5. HP: 35/35 MP: 6/9
  7126 | D:3      | Found an iron altar of Okawaru.
  7168 | D:4      | Found Plog's Antique Armour Shoppe.
  8045 | D:4      | Found a staircase to the Ecumenical Temple.
  8097 | Temple   | Entered the Ecumenical Temple
  8492 | Temple   | Became a worshipper of Vehumet
  9272 | D:4      | Noticed a phantom
  9279 | D:4      | Killed a phantom
  9280 | D:4      | Reached XP level 6. HP: 38/41 MP: 2/11
  9540 | D:5      | Entered Level 5 of the Dungeon
  9987 | D:5      | Gained mutation: You sometimes gain power by taking damage.
                  | [demonic ancestry]
  9987 | D:5      | Reached XP level 7. HP: 46/46 MP: 1/13
 10561 | D:5      | Reached skill level 5 in Fire Magic
 11385 | D:5      | Noticed Eustachio
 11390 | D:5      | Killed Eustachio
 11391 | D:5      | Reached skill level 5 in Spellcasting
 11391 | D:5      | Reached skill level 5 in Conjurations
 11797 | D:5      | Noticed Grinder
 11805 | D:5      | Killed Grinder
 11806 | D:5      | Gained mutation: You have a pair of small antennae on your
                  | head. [demonic ancestry]
 11806 | D:5      | Reached XP level 8. HP: 52/52 MP: 8/16
 12522 | D:5      | Learned a level 3 spell: Volatile Blastmotes
 12527 | D:5      | Learned a level 4 spell: Flame Wave
 12530 | D:5      | Learned a level 2 spell: Call Imp
 13087 | D:6      | Reached * piety under Vehumet
 13087 | D:6      | Offered knowledge of Sandblast by Vehumet.
 14648 | D:7      | Noticed Prince Ribbit
 14653 | D:7      | Killed Prince Ribbit
 14899 | D:7      | Gained mutation: Your demonic aura often causes spilled
                  | blood to erupt in flames. [demonic ancestry]
 14899 | D:7      | Reached XP level 9. HP: 57/57 MP: 12/18
 15788 | D:8      | Found a flagged portal.
 15802 | Bailey   | Entered a bailey
 16237 | Bailey   | Slain by an orc warrior

Illustrated notes

Levels and vault maps discovered:
D:1:      matt_arrival_diagonals, layout_basic
D:2:      layout_basic, minmay_between, uniq_crazy_yiuf_cottage, uniq_jessica
D:3:      layout_rooms, mainiacjoe_overflow_two_lobes,
          kennysheep_okawaru_gauntlet, serial_shops, nicolae_shop_crystal
D:4:      layout_basic, minmay_temple_entry_sparse_star, eino_tiny_chamber,
          kennysheep_donut, nicolae_stop_n_shop_1, minmay_misc_feat_tiny
D:5:      layout_basic, nicolae_elyvilon_peaceful_grove, skrybe_limestone_x,
          uniq_grinder, uniq_eustachio
D:6:      layout_loops_ring
D:7:      layout_loops_ring, uniq_prince_ribbit1
D:8:      layout_basic, nicolae_overflow_crystal_walls, david_lair_generic,
          serial_shops, nicolae_take_the_stairs, nicolae_shop_peninsula, shop,
          shop, nicolae_shop_statue_plus, enter_bailey_5, uniq_joseph
Temple:   nicolae_temple_bog_church
Bailey:   bailey_polearm_5, bailey

Skill      XL: |  1  2  3  4  5  6  7  8  9 |
---------------+----------------------------+-----
Fire Magic     | 3 4 5 6 7 |  7.0
Conjurations   | 2 3 4 5 6 7 |  7.1
Spellcasting   | 3 4 5 6 |  6.7
Dodging        | |  1.7
Stealth        | |  1.7

Action                     |  1- 3 |  4- 6 |  7- 9 || total
---------------------------+-------+-------+-------++-------
  Melee: Unarmed           |    30 |       |       ||    30
         Staff             |     1 |     1 |     2 ||     4
   Cast: Foxfire           |    83 |   123 |   130 ||   336
         Scorch            |     7 |    15 |    20 ||    42
         Call Imp          |       |       |     2 ||     2
    Use: Potion            |     2 |       |     1 ||     3
         Scroll            |     2 |     7 |     3 ||    12
 Armour: Robe              |    18 |     1 |     1 ||    20
  Dodge: Dodged            |    51 |     6 |    16 ||    73
